2563 views
Uploaded 2021-09-08 02:43:10
Game version 1.32.10
21:37 long 3on3 ladder game on (8)Battleground_LV
Saved by lowlyworm
2563 views
Uploaded 2021-09-08 02:43:10
Game version 1.32.10
21:37 long 3on3 ladder game on (8)Battleground_LV


101 units @ 14k
/ 2.2k
44 buildings @ 7.1k
/ 2.8k


| Lesser Clarity Potion | 10 | 700 |
| Healing Salve | 3 | 300 |
| Scroll of Speed | 2 | 100 |
| Scroll of Town Portal | 3 | 1050 |
| Circlet of Nobility | 2 | 350 |
| Boots of Speed | 1 | 250 |
| total: | 21 | 2750g |
| Peon | 15 | 1125 | / | 0 |
| Troll Batrider | 27 | 4320 | / | 1080 |
| Wind Rider | 1 | 265 | / | 40 |
| total: | 43 | 5710g | / | 1120w |
| Watch Tower | 3 | 330 | / | 240 |
| War Mill | 1 | 205 | / | 0 |
| Altar of Storms | 2 | 360 | / | 100 |
| Orc Burrow | 4 | 640 | / | 160 |
| Voodoo Lounge | 1 | 130 | / | 30 |
| Beastiary | 2 | 290 | / | 280 |
| Stronghold | 1 | 315 | / | 190 |
| Fortress | 1 | 325 | / | 190 |
| total: | 13 | 1955g | / | 810w |
| 0:03 | Peon |
| 0:03 | Peon |
| 0:10 | War Mill |
| 0:17 | Peon |
| 0:20 | Altar of Storms |
| 0:35 | Orc Burrow |
| 0:37 | Peon |
| 0:37 | Peon |
| 0:37 | Peon |
| 0:37 | Peon |
| 0:47 | Peon |
| 1:05 | Peon |
| 1:20 | Peon |
| 1:22 | Voodoo Lounge |
| 1:44 | Orc Burrow |
| 1:45 | Peon |
| 2:04 | Watch Tower |
| 2:18 | Peon |
| 2:22 | Wind Walk |
| 2:24 | Lesser Clarity Potion |
| 2:25 | Lesser Clarity Potion |
| 2:25 | Healing Salve |
| 2:28 | Scroll of Speed |
| 2:31 | Peon |
| 2:54 | Circlet of Nobility |
| 3:38 | Stronghold |
| 4:11 | Watch Tower |
| 4:41 | Circlet of Nobility |
| 4:51 | Boots of Speed |
| 5:12 | Steel Ranged Weapons |
| 5:17 | Watch Tower |
| 6:08 | Beastiary |
| 6:10 | Beastiary |
| 6:25 | Reinforced Defenses |
| 6:28 | Peon |
| 6:28 | Peon |
| 7:04 | Hex |
| 7:06 | Lesser Clarity Potion |
| 7:06 | Lesser Clarity Potion |
| 7:06 | Healing Salve |
| 7:06 | Scroll of Speed |
| 7:12 | Orc Burrow |
| 7:13 | Troll Batrider |
| 7:30 | Troll Batrider |
| 8:02 | Troll Batrider |
| 8:25 | Troll Batrider |
| 8:31 | Mirror Image |
| 8:39 | Healing Wave |
| 8:58 | Fortress |
| 9:17 | Wind Rider |
| 9:20 | Troll Batrider |
| 9:23 | Troll Batrider |
| 10:01 | Troll Batrider |
| 10:22 | Orc Burrow |
| 10:48 | Thorium Ranged Weapons |
| 10:55 | Lesser Clarity Potion |
| 10:55 | Lesser Clarity Potion |
| 11:00 | Troll Batrider |
| 11:20 | Troll Batrider |
| 11:22 | Liquid Fire |
| 12:00 | Scroll of Town Portal |
| 12:17 | Troll Batrider |
| 12:29 | Lesser Clarity Potion |
| 12:45 | Troll Batrider |
| 13:18 | Troll Batrider |
| 13:43 | Steel Armor |
| 13:53 | Troll Batrider |
| 14:23 | Troll Batrider |
| 14:34 | Scroll of Town Portal |
| 14:41 | Troll Batrider |
| 14:59 | Troll Batrider |
| 15:50 | Healing Salve |
| 16:02 | Troll Batrider |
| 16:20 | Troll Batrider |
| 17:07 | Scroll of Town Portal |
| 17:10 | Lesser Clarity Potion |
| 17:14 | Lesser Clarity Potion |
| 17:27 | Altar of Storms |
| 17:47 | Troll Batrider |
| 18:50 | Troll Batrider |
| 18:53 | Troll Batrider |
| 19:23 | Troll Batrider |
| 19:25 | Thorium Armor |
| 19:42 | Troll Batrider |
| 19:56 | Troll Batrider |
| 20:11 | Lesser Clarity Potion |
| 20:21 | Troll Batrider |
| 20:37 | Troll Batrider |
| 21:10 | Troll Batrider |
| Right click | 1077 |
| Select group | 488 |
| Select | 334 |
| Build/train/purchase | 125 |
| Misc. action | 103 |
| Assign group | 79 |
| Use ability | 53 |
| Resource trade | 10 |
| Esc | 5 |
| Minimap ping | 5 |
| Item give/drop | 3 |



| Rod of Necromancy | 5 | 750 |
| Sacrificial Skull | 1 | 50 |
| Orb of Corruption | 1 | 375 |
| Potion of Healing | 3 | 450 |
| Potion of Mana | 1 | 200 |
| Scroll of Town Portal | 5 | 1750 |
| Dust of Appearance | 2 | 150 |
| Potion of Lesser Invulnerability | 1 | 150 |
| Scroll of Protection | 1 | 150 |
| total: | 20 | 4025g |
| Acolyte | 4 | 300 | / | 0 |
| Ghoul | 3 | 360 | / | 0 |
| Crypt Fiend | 11 | 2365 | / | 440 |
| Obsidian Statue | 8 | 1600 | / | 280 |
| total: | 26 | 4625g | / | 720w |
| Nerubian Tower | 1 | 100 | / | 20 |
| Spirit Tower | 1 | 145 | / | 40 |
| Ziggurat | 7 | 1050 | / | 350 |
| Altar of Darkness | 1 | 180 | / | 50 |
| Crypt | 1 | 200 | / | 50 |
| Tomb of Relics | 1 | 130 | / | 30 |
| Graveyard | 1 | 215 | / | 0 |
| Slaughterhouse | 1 | 140 | / | 135 |
| Halls of the Dead | 1 | 320 | / | 210 |
| Black Citadel | 1 | 325 | / | 230 |
| total: | 12 | 1915g | / | 615w |
| 0:01 | Acolyte |
| 0:04 | Ziggurat |
| 0:07 | Altar of Darkness |
| 0:16 | Acolyte |
| 0:34 | Crypt |
| 0:49 | Acolyte |
| 1:06 | Tomb of Relics |
| 1:18 | Graveyard |
| 1:34 | Ghoul |
| 1:54 | Ziggurat |
| 1:58 | Ghoul |
| 2:09 | Rod of Necromancy |
| 2:17 | Ghoul |
| 2:23 | Death Coil |
| 2:49 | Crypt Fiend |
| 3:04 | Backpack |
| 3:15 | Nerubian Tower |
| 3:22 | Crypt Fiend |
| 3:39 | Halls of the Dead |
| 3:51 | Unholy Aura |
| 3:56 | Rod of Necromancy |
| 4:02 | Sacrificial Skull |
| 4:32 | Crypt Fiend |
| 5:04 | Ziggurat |
| 5:37 | Death Coil |
| 5:42 | Crypt Fiend |
| 6:03 | Slaughterhouse |
| 6:45 | Scroll of Town Portal |
| 6:48 | Rod of Necromancy |
| 7:01 | Dust of Appearance |
| 7:05 | Frost Armor |
| 7:10 | Black Citadel |
| 7:45 | Obsidian Statue |
| 7:56 | Ziggurat |
| 8:00 | Potion of Lesser Invulnerability |
| 8:15 | Burrow |
| 8:18 | Creature Attack |
| 8:50 | Obsidian Statue |
| 9:04 | Rod of Necromancy |
| 9:11 | Crypt Fiend |
| 9:38 | Frost Nova |
| 9:56 | Destroyer Form |
| 9:59 | Orb of Corruption |
| 10:18 | Web |
| 11:37 | Ziggurat |
| 11:43 | Rod of Necromancy |
| 11:43 | Potion of Healing |
| 11:45 | Impale |
| 12:04 | Improved Creature Attack |
| 12:59 | Crypt Fiend |
| 13:01 | Scroll of Town Portal |
| 13:43 | Obsidian Statue |
| 14:26 | Unholy Aura |
| 15:05 | Scroll of Town Portal |
| 15:05 | Potion of Healing |
| 15:05 | Potion of Mana |
| 15:12 | Crypt Fiend |
| 15:12 | Crypt Fiend |
| 15:44 | Crypt Fiend |
| 15:46 | Ziggurat |
| 15:47 | Obsidian Statue |
| 16:21 | Advanced Creature Attack |
| 16:23 | Ziggurat |
| 17:14 | Obsidian Statue |
| 17:18 | Scroll of Town Portal |
| 17:19 | Scroll of Protection |
| 17:29 | Acolyte |
| 17:50 | Creature Carapace |
| 19:05 | Obsidian Statue |
| 19:07 | Scroll of Town Portal |
| 19:13 | Frost Nova |
| 19:45 | Improved Creature Carapace |
| 19:51 | Dust of Appearance |
| 19:58 | Spirit Tower |
| 20:31 | Crypt Fiend |
| 20:31 | Crypt Fiend |
| 20:34 | Obsidian Statue |
| 20:34 | Obsidian Statue |
| 20:55 | Potion of Healing |
| Right click | 1947 |
| Select group | 1335 |
| Select | 884 |
| Misc. action | 452 |
| Build/train/purchase | 111 |
| Use ability | 86 |
| Assign group | 68 |
| Chat | 12 |
| Minimap ping | 7 |
| Item give/drop | 5 |
| Resource trade | 4 |
| Esc | 2 |
⇛
MysuperHero
(21:25) : 


| Healing Salve | 6 | 600 |
| Potion of Healing | 2 | 300 |
| Lesser Clarity Potion | 10 | 700 |
| Tiny Great Hall | 1 | 600 |
| Scroll of Speed | 1 | 50 |
| Scroll of Town Portal | 4 | 1400 |
| Dust of Appearance | 2 | 150 |
| Potion of Lesser Invulnerability | 1 | 150 |
| Orb of Corruption | 1 | 375 |
| total: | 28 | 4325g |
| Peon | 15 | 1125 | / | 0 |
| Troll Headhunter | 9 | 1260 | / | 180 |
| Troll Berserker | 7 | 980 | / | 140 |
| Kodo Beast | 1 | 255 | / | 60 |
| total: | 32 | 3620g | / | 380w |
| Watch Tower | 6 | 660 | / | 480 |
| War Mill | 1 | 205 | / | 0 |
| Barracks | 1 | 180 | / | 50 |
| Altar of Storms | 1 | 180 | / | 50 |
| Orc Burrow | 5 | 800 | / | 200 |
| Voodoo Lounge | 2 | 260 | / | 60 |
| Great Hall | 2 | 770 | / | 370 |
| Beastiary | 1 | 145 | / | 140 |
| Stronghold | 1 | 315 | / | 190 |
| Fortress | 1 | 325 | / | 190 |
| total: | 19 | 3200g | / | 1350w |
| 0:02 | Peon |
| 0:03 | Peon |
| 0:22 | War Mill |
| 0:36 | Peon |
| 0:39 | Barracks |
| 0:47 | Peon |
| 0:52 | Altar of Storms |
| 1:00 | Orc Burrow |
| 1:07 | Peon |
| 1:07 | Peon |
| 1:19 | Peon |
| 1:49 | Orc Burrow |
| 1:57 | Troll Headhunter |
| 2:07 | Voodoo Lounge |
| 2:19 | Troll Headhunter |
| 2:26 | Peon |
| 2:38 | Troll Headhunter |
| 2:53 | Feral Spirit |
| 2:58 | Troll Headhunter |
| 3:28 | Troll Headhunter |
| 3:34 | Healing Salve |
| 3:57 | Troll Headhunter |
| 4:17 | Stronghold |
| 4:36 | Troll Headhunter |
| 4:54 | Chain Lighting |
| 5:02 | Great Hall |
| 5:12 | Healing Salve |
| 5:40 | Steel Ranged Weapons |
| 5:41 | Orc Burrow |
| 6:00 | Steel Armor |
| 6:07 | Orc Burrow |
| 6:10 | Feral Spirit |
| 6:27 | Watch Tower |
| 6:39 | Troll Regeneration |
| 6:39 | Fortress |
| 7:39 | Great Hall |
| 7:42 | Chain Lighting |
| 8:13 | Healing Wave |
| 8:16 | Potion of Healing |
| 8:23 | Healing Salve |
| 8:23 | Healing Salve |
| 8:24 | Healing Salve |
| 8:24 | Lesser Clarity Potion |
| 8:25 | Lesser Clarity Potion |
| 8:25 | Lesser Clarity Potion |
| 8:35 | Potion of Lesser Invulnerability |
| 8:42 | Orc Burrow |
| 8:43 | Beastiary |
| 9:00 | Berserker Upgrade |
| 9:26 | Troll Headhunter |
| 9:33 | Troll Headhunter |
| 10:05 | Voodoo Lounge |
| 10:13 | Reinforced Defenses |
| 10:14 | Peon |
| 10:48 | Frost Arrows |
| 10:53 | Troll Berserker |
| 10:54 | Thorium Ranged Weapons |
| 10:55 | Arcanite Ranged Weapons |
| 11:20 | Troll Berserker |
| 11:38 | Troll Berserker |
| 12:02 | Troll Berserker |
| 12:15 | Watch Tower |
| 12:54 | Troll Berserker |
| 13:01 | Lesser Clarity Potion |
| 13:05 | Tiny Great Hall |
| 13:28 | Scroll of Town Portal |
| 13:29 | Scroll of Speed |
| 13:44 | Peon |
| 13:54 | Thorium Armor |
| 13:54 | Arcanite Armor |
| 14:32 | Peon |
| 14:33 | Peon |
| 14:38 | Watch Tower |
| 14:59 | Scroll of Town Portal |
| 15:01 | Orb of Corruption |
| 15:06 | Dust of Appearance |
| 15:06 | Dust of Appearance |
| 15:41 | Watch Tower |
| 16:11 | Watch Tower |
| 17:06 | Peon |
| 17:09 | Hex |
| 17:11 | Scroll of Town Portal |
| 17:15 | Peon |
| 17:26 | Peon |
| 17:32 | Backpack |
| 17:35 | Watch Tower |
| 18:46 | Forked Lightning |
| 19:01 | Troll Berserker |
| 19:02 | Lesser Clarity Potion |
| 19:02 | Lesser Clarity Potion |
| 19:05 | Healing Salve |
| 19:25 | Troll Berserker |
| 19:40 | Lesser Clarity Potion |
| 20:19 | Potion of Healing |
| 20:19 | Scroll of Town Portal |
| 20:24 | Kodo Beast |
| 20:45 | Lesser Clarity Potion |
| 20:45 | Lesser Clarity Potion |
| 20:46 | Lesser Clarity Potion |
| Select group | 1288 |
| Select | 906 |
| Right click | 790 |
| Misc. action | 356 |
| Build/train/purchase | 140 |
| Assign group | 117 |
| Use ability | 58 |
| Chat | 45 |
| Resource trade | 35 |
| Minimap ping | 16 |
| Item give/drop | 5 |
| Esc | 4 |
102 units @ 15.7k
/ 2.7k
67 buildings @ 10.2k
/ 4.3k


| Lesser Clarity Potion | 3 | 210 |
| Healing Salve | 2 | 200 |
| Scroll of Speed | 1 | 50 |
| Potion of Healing | 1 | 150 |
| Potion of Mana | 1 | 200 |
| Tiny Great Hall | 1 | 600 |
| Scroll of Town Portal | 4 | 1400 |
| Scroll of Healing | 2 | 500 |
| Potion of Lesser Invulnerability | 1 | 150 |
| Scroll of Protection | 1 | 150 |
| total: | 17 | 3610g |
| Peon | 19 | 1425 | / | 0 |
| Troll Headhunter | 9 | 1260 | / | 180 |
| Troll Batrider | 9 | 1440 | / | 360 |
| Troll Berserker | 3 | 420 | / | 60 |
| Wind Rider | 2 | 530 | / | 80 |
| Kodo Beast | 1 | 255 | / | 60 |
| total: | 43 | 5330g | / | 740w |
| Watch Tower | 10 | 1100 | / | 800 |
| Altar of Storms | 1 | 180 | / | 50 |
| Orc Burrow | 6 | 960 | / | 240 |
| War Mill | 2 | 410 | / | 0 |
| Barracks | 1 | 180 | / | 50 |
| Voodoo Lounge | 1 | 130 | / | 30 |
| Beastiary | 3 | 435 | / | 420 |
| Stronghold | 1 | 315 | / | 190 |
| Fortress | 1 | 325 | / | 190 |
| total: | 24 | 3395g | / | 1590w |
| 0:03 | Peon |
| 0:04 | Peon |
| 0:20 | Altar of Storms |
| 0:32 | Peon |
| 0:36 | Orc Burrow |
| 0:46 | Peon |
| 0:51 | War Mill |
| 1:02 | Peon |
| 1:11 | Barracks |
| 1:24 | Peon |
| 1:31 | Peon |
| 1:59 | Orc Burrow |
| 2:13 | Troll Headhunter |
| 2:27 | War Stomp |
| 2:29 | Voodoo Lounge |
| 2:34 | Troll Headhunter |
| 2:55 | Troll Headhunter |
| 3:46 | Troll Headhunter |
| 3:57 | Lesser Clarity Potion |
| 3:57 | Healing Salve |
| 4:04 | Stronghold |
| 4:06 | Troll Headhunter |
| 4:15 | Scroll of Speed |
| 4:28 | Troll Headhunter |
| 4:53 | Endurance Aura |
| 4:56 | Troll Headhunter |
| 4:59 | Watch Tower |
| 5:07 | Orc Burrow |
| 5:36 | Troll Headhunter |
| 5:39 | Steel Ranged Weapons |
| 6:02 | Troll Headhunter |
| 6:50 | Beastiary |
| 6:53 | Beastiary |
| 7:03 | Reinforced Defenses |
| 7:14 | Peon |
| 7:34 | Endurance Aura |
| 7:56 | Fortress |
| 7:59 | Healing Salve |
| 8:00 | Potion of Healing |
| 8:02 | Lesser Clarity Potion |
| 8:03 | Potion of Mana |
| 8:39 | Healing Wave |
| 10:07 | Troll Batrider |
| 10:17 | Steel Armor |
| 10:18 | Berserker Upgrade |
| 10:31 | Scroll of Town Portal |
| 10:33 | Tiny Great Hall |
| 10:41 | Peon |
| 10:41 | Peon |
| 10:48 | Watch Tower |
| 11:24 | Orc Burrow |
| 12:04 | Peon |
| 12:05 | Peon |
| 12:07 | Watch Tower |
| 12:15 | Peon |
| 12:15 | Peon |
| 12:24 | Troll Batrider |
| 13:14 | Watch Tower |
| 13:16 | Watch Tower |
| 13:23 | Orc Burrow |
| 13:24 | Watch Tower |
| 13:27 | Lesser Clarity Potion |
| 13:28 | Scroll of Town Portal |
| 13:33 | Troll Berserker |
| 13:34 | Wind Rider |
| 13:36 | Troll Batrider |
| 13:37 | Peon |
| 13:41 | Beastiary |
| 14:31 | Scroll of Town Portal |
| 14:39 | Watch Tower |
| 14:43 | Watch Tower |
| 14:45 | Peon |
| 14:45 | Peon |
| 14:48 | War Mill |
| 14:56 | Kodo Beast |
| 15:17 | Hex |
| 15:45 | Peon |
| 15:45 | Peon |
| 15:50 | Troll Batrider |
| 15:50 | War Drums Damage Increase |
| 15:51 | Scroll of Town Portal |
| 16:05 | Troll Berserker |
| 16:09 | Wind Rider |
| 16:18 | War Stomp |
| 16:58 | Troll Batrider |
| 17:03 | Orc Burrow |
| 17:09 | Thorium Ranged Weapons |
| 17:20 | Potion of Lesser Invulnerability |
| 17:22 | Scroll of Protection |
| 17:22 | Scroll of Healing |
| 17:33 | Watch Tower |
| 17:47 | Troll Batrider |
| 17:50 | Watch Tower |
| 17:58 | Thorium Armor |
| 18:55 | Troll Batrider |
| 19:07 | Troll Berserker |
| 19:10 | Scroll of Healing |
| 19:21 | Arcanite Ranged Weapons |
| 19:37 | Troll Batrider |
| 20:28 | Troll Batrider |
| Right click | 1969 |
| Select group | 1492 |
| Select | 393 |
| Misc. action | 371 |
| Assign group | 229 |
| Build/train/purchase | 164 |
| Chat | 55 |
| Use ability | 49 |
| Minimap ping | 14 |
| Esc | 6 |
| Resource trade | 5 |
| Item give/drop | 3 |


| Healing Salve | 5 | 500 |
| Lesser Clarity Potion | 5 | 350 |
| Scroll of Speed | 2 | 100 |
| Tiny Great Hall | 2 | 1200 |
| Orb of Lightning | 1 | 375 |
| Dust of Appearance | 1 | 75 |
| Scroll of Town Portal | 5 | 1750 |
| Scroll of Healing | 4 | 1000 |
| Boots of Speed | 1 | 250 |
| Potion of Lesser Invulnerability | 2 | 300 |
| total: | 28 | 5900g |
| Peon | 16 | 1200 | / | 0 |
| Troll Headhunter | 2 | 280 | / | 40 |
| Grunt | 2 | 400 | / | 0 |
| Tauren | 5 | 1400 | / | 400 |
| Spirit Walker | 3 | 585 | / | 105 |
| total: | 28 | 3865g | / | 545w |
| Watch Tower | 4 | 440 | / | 320 |
| Altar of Storms | 3 | 540 | / | 150 |
| Orc Burrow | 6 | 960 | / | 240 |
| War Mill | 1 | 205 | / | 0 |
| Barracks | 1 | 180 | / | 50 |
| Voodoo Lounge | 5 | 650 | / | 150 |
| Tauren Totem | 3 | 405 | / | 465 |
| Beastiary | 1 | 145 | / | 140 |
| Stronghold | 2 | 630 | / | 380 |
| Fortress | 2 | 650 | / | 380 |
| total: | 24 | 3525g | / | 1515w |
| 0:03 | Peon |
| 0:03 | Peon |
| 0:15 | Altar of Storms |
| 0:21 | Orc Burrow |
| 0:24 | Peon |
| 0:34 | Peon |
| 0:56 | War Mill |
| 0:58 | Peon |
| 1:10 | Barracks |
| 1:25 | Peon |
| 1:43 | Orc Burrow |
| 1:47 | Peon |
| 2:03 | Peon |
| 2:12 | Troll Headhunter |
| 2:24 | Peon |
| 2:37 | Wind Walk |
| 2:49 | Stronghold |
| 3:12 | Troll Headhunter |
| 3:13 | Grunt |
| 4:08 | Grunt |
| 4:19 | Boots of Speed |
| 4:20 | Dust of Appearance |
| 4:40 | Healing Salve |
| 4:40 | Lesser Clarity Potion |
| 5:10 | Fortress |
| 5:13 | Tauren Totem |
| 5:32 | Tauren Totem |
| 5:51 | Reinforced Defenses |
| 5:52 | Steel Melee Weapons |
| 6:52 | Tauren Totem |
| 7:13 | Voodoo Lounge |
| 7:25 | Critical Strike |
| 7:45 | Pulverize |
| 7:45 | Tauren |
| 7:47 | Orc Burrow |
| 8:07 | Peon |
| 8:07 | Peon |
| 8:17 | Spirit Walker Adept Training |
| 8:17 | Spirit Walker Master Training |
| 8:22 | Backpack |
| 8:55 | Orc Burrow |
| 10:03 | Tauren |
| 10:09 | Lesser Clarity Potion |
| 10:09 | Healing Salve |
| 10:09 | Scroll of Speed |
| 10:11 | Lesser Clarity Potion |
| 10:19 | Tiny Great Hall |
| 10:19 | Tiny Great Hall |
| 10:43 | Watch Tower |
| 10:48 | Tauren |
| 11:09 | Scroll of Town Portal |
| 11:10 | Potion of Lesser Invulnerability |
| 11:49 | Beastiary |
| 12:04 | Peon |
| 12:04 | Peon |
| 12:11 | Scroll of Town Portal |
| 12:18 | Healing Salve |
| 12:18 | Scroll of Speed |
| 12:33 | Orb of Lightning |
| 12:47 | Healing Wave |
| 13:01 | Voodoo Lounge |
| 13:05 | Peon |
| 13:05 | Peon |
| 13:05 | Peon |
| 13:15 | Voodoo Lounge |
| 13:26 | Scroll of Town Portal |
| 13:37 | Scroll of Healing |
| 13:38 | Scroll of Healing |
| 13:38 | Scroll of Healing |
| 14:34 | Watch Tower |
| 14:35 | Watch Tower |
| 14:37 | Scroll of Town Portal |
| 14:42 | Lesser Clarity Potion |
| 14:55 | Healing Salve |
| 15:08 | Spirit Walker |
| 15:08 | Spirit Walker |
| 15:44 | Potion of Lesser Invulnerability |
| 15:45 | Scroll of Healing |
| 16:00 | Orc Burrow |
| 16:02 | Tauren |
| 17:03 | Lesser Clarity Potion |
| 17:05 | Healing Salve |
| 17:11 | Scroll of Town Portal |
| 17:42 | Voodoo Lounge |
| 18:09 | Altar of Storms |
| 18:10 | Altar of Storms |
| 18:38 | Wind Walk |
| 18:44 | Hex |
| 19:06 | Tauren |
| 19:09 | Spirit Walker |
| 19:12 | Watch Tower |
| 20:19 | Orc Burrow |
| 20:32 | Steel Armor |
| 20:46 | Voodoo Lounge |
| Right click | 1145 |
| Select group | 835 |
| Chat | 320 |
| Select | 287 |
| Build/train/purchase | 140 |
| Use ability | 61 |
| Misc. action | 33 |
| Assign group | 31 |
| Minimap ping | 24 |
| Resource trade | 9 |
| Item give/drop | 4 |
| Esc | 2 |



| Rod of Necromancy | 1 | 150 |
| Sacrificial Skull | 1 | 50 |
| Orb of Corruption | 1 | 375 |
| Potion of Mana | 2 | 400 |
| Potion of Healing | 1 | 150 |
| Dust of Appearance | 2 | 150 |
| Scroll of Town Portal | 5 | 1750 |
| Scroll of Healing | 2 | 500 |
| Potion of Invisibility | 1 | 100 |
| Potion of Lesser Invulnerability | 2 | 300 |
| total: | 18 | 3925g |
| Acolyte | 9 | 675 | / | 0 |
| Ghoul | 5 | 600 | / | 0 |
| Crypt Fiend | 8 | 1720 | / | 320 |
| Frost Wyrm | 9 | 3465 | / | 1080 |
| total: | 31 | 6460g | / | 1400w |
| Nerubian Tower | 2 | 200 | / | 40 |
| Spirit Tower | 2 | 290 | / | 80 |
| Graveyard | 1 | 215 | / | 0 |
| Crypt | 1 | 200 | / | 50 |
| Altar of Darkness | 1 | 180 | / | 50 |
| Ziggurat | 8 | 1200 | / | 400 |
| Tomb of Relics | 2 | 260 | / | 60 |
| Necropolis | 3 | 675 | / | 0 |
| Boneyard | 3 | 525 | / | 600 |
| Halls of the Dead | 1 | 320 | / | 210 |
| Black Citadel | 1 | 325 | / | 230 |
| total: | 19 | 3255g | / | 1160w |
| 0:06 | Acolyte |
| 0:09 | Graveyard |
| 0:11 | Crypt |
| 0:20 | Acolyte |
| 0:20 | Acolyte |
| 0:49 | Altar of Darkness |
| 1:01 | Ziggurat |
| 1:15 | Ghoul |
| 1:30 | Tomb of Relics |
| 1:52 | Ziggurat |
| 1:57 | Ghoul |
| 2:14 | Ghoul |
| 2:28 | Ghoul |
| 2:40 | Ghoul |
| 2:53 | Carrion Beetles |
| 2:59 | Acolyte |
| 3:03 | Rod of Necromancy |
| 3:03 | Dust of Appearance |
| 3:03 | Sacrificial Skull |
| 3:58 | Impale |
| 3:59 | Acolyte |
| 4:02 | Nerubian Tower |
| 4:08 | Ziggurat |
| 4:19 | Acolyte |
| 4:19 | Acolyte |
| 4:27 | Crypt Fiend |
| 4:38 | Acolyte |
| 5:08 | Halls of the Dead |
| 5:20 | Nerubian Tower |
| 5:31 | Crypt Fiend |
| 5:52 | Ziggurat |
| 5:55 | Ziggurat |
| 6:04 | Crypt Fiend |
| 6:12 | Ziggurat |
| 6:27 | Creature Attack |
| 6:34 | Crypt Fiend |
| 6:47 | Necropolis |
| 6:48 | Spirit Tower |
| 6:55 | Necropolis |
| 7:15 | Ziggurat |
| 7:19 | Crypt Fiend |
| 7:20 | Creature Carapace |
| 7:22 | Spirit Tower |
| 7:41 | Impale |
| 7:45 | Black Citadel |
| 8:18 | Improved Creature Attack |
| 8:19 | Burrow |
| 8:20 | Web |
| 8:35 | Dust of Appearance |
| 8:35 | Potion of Invisibility |
| 8:45 | Improved Creature Carapace |
| 9:35 | Crypt Fiend |
| 9:37 | Death Coil |
| 9:37 | Death Coil |
| 9:41 | Tomb of Relics |
| 9:50 | Scroll of Town Portal |
| 9:50 | Scroll of Town Portal |
| 10:00 | Acolyte |
| 10:15 | Advanced Creature Attack |
| 10:40 | Boneyard |
| 10:41 | Boneyard |
| 10:44 | Boneyard |
| 11:44 | Ziggurat |
| 12:11 | Unholy Aura |
| 12:13 | Freezing Breath |
| 12:15 | Scroll of Town Portal |
| 12:15 | Orb of Corruption |
| 12:37 | Frost Nova |
| 12:40 | Frost Wyrm |
| 13:12 | Frost Wyrm |
| 13:18 | Carrion Beetles |
| 13:22 | Scroll of Town Portal |
| 13:23 | Potion of Lesser Invulnerability |
| 13:46 | Frost Wyrm |
| 15:01 | Frost Wyrm |
| 15:05 | Necropolis |
| 15:43 | Advanced Creature Carapace |
| 16:08 | Scroll of Healing |
| 17:00 | Frost Wyrm |
| 17:06 | Potion of Mana |
| 17:06 | Potion of Healing |
| 17:16 | Scroll of Town Portal |
| 17:16 | Potion of Mana |
| 17:17 | Scroll of Healing |
| 18:37 | Crypt Fiend |
| 18:37 | Crypt Fiend |
| 18:40 | Frost Wyrm |
| 18:51 | Frost Wyrm |
| 19:03 | Potion of Lesser Invulnerability |
| 19:28 | Frost Wyrm |
| 20:09 | Death Coil |
| 21:10 | Dark Ritual |
| 21:25 | Frost Wyrm |
| Select group | 1433 |
| Right click | 1137 |
| Select | 442 |
| Build/train/purchase | 107 |
| Assign group | 65 |
| Misc. action | 62 |
| Chat | 52 |
| Use ability | 48 |
| Resource trade | 26 |
| Minimap ping | 6 |
| Item give/drop | 5 |
| Esc | 1 |